 Dungeon Crawl Stone Soup version 0.28.0-53-g5a82cb258f (webtiles) character file.

Game seed: 13237597463560801673

70 MiltankisOP the Ducker (level 4, 0/30 HPs)
             Began as an Octopode Transmuter on June 14, 2022.
             Succumbed to an adder's poison
             ... on level 3 of the Dungeon.
             The game lasted 00:02:12 (2070 turns).

MiltankisOP the Ducker (Octopode Transmuter)        Turns: 2070, Time: 00:02:13

Health: 0/30       AC:  1    Str:  9    XL:     4   Next: 21%
Magic:  7/7        EV: 13    Int: 17    God:
Gold:   132        SH:  0    Dex: 12    Spells: 6/7 levels left

rFire   . . .      SeeInvis .     - Unarmed
rCold   . . .      Faith    .   (no shield)
rNeg    . . .      Spirit   .   (helmet restricted)
rPois   .          Reflect  .   (no amulet)
rElec   .          Harm     .   (no ring)
rCorr   .          Rampage  .   (no ring)
Will    .....                   (no ring)
Stlth   ++........              (no ring)
HPRegen 0.10/turn               (no ring)
MPRegen 0.10/turn               (no ring)
                                (no ring)
                                (no ring)

@: lethally poisoned (0 -> -1)
A: almost no armour, amphibious, 8 rings, camouflage 1, gelatinous body 1,
(nimble swimmer 1), tentacles, inability to read while threatened
a: no special abilities


You were on level 3 of the Dungeon.
You visited 1 branch of the dungeon, and saw 3 of its levels.

You collected 132 gold pieces.

Inventory:

Wands
 h - a wand of iceblast (9)
Scrolls
 d - a scroll of amnesia {unknown}
 e - a scroll of vulnerability {unknown}
 f - a scroll of enchant armour {unknown}
 g - a scroll of blinking {unknown}
Potions
 a - a potion of invisibility {unknown}
 b - a potion of mutation
 c - a potion of brilliance {unknown}


   Skills:
 + Level 2.8 Fighting
 + Level 3.3 Dodging
 - Level 3.0 Unarmed Combat
 - Level 2.0 Spellcasting
 - Level 2.0 Transmutations


You had 6 spell levels left.
You knew the following spells:

 Your Spells              Type           Power      Damage    Failure   Level
a - Beastly Appendage     Tmut           16%        N/A       9%          1

Your spell library contained the following spells:

 Spells                   Type           Power      Damage    Failure   Level
 Wereblood                Tmut           8%         N/A       13%         2
 Spider Form              Tmut/Pois      5%         N/A       36%         3
 Ice Form                 Ice/Tmut       5%         N/A       77%         4


Dungeon Overview and Level Annotations

Branches:
Dungeon (3/15)

Altars:

Shops:
D:2 *


Innate Abilities, Weirdness & Mutations

You cannot wear most types of armour.
You are amphibious.
You can wear up to eight rings at the same time.
Your skin changes colour to match your surroundings (Stealth+).
Your rubbery body absorbs attacks. (AC +1, EV +1)
((You are camouflaged when in or above water. (Stealth+)))
You have tentacles for arms and can constrict up to eight enemies at once.
You sometimes lose the ability to read scrolls when taking damage.


Message History

You feel sick.
You feel sick.
You feel sick.
You tentacle-slap the adder. Your grab misses the adder.
The adder is almost dead.
You feel sick. The adder barely misses you. The adder bites you.
You are more poisoned.
The adder poisons you!
You barely miss the adder. You grab the adder.
You pierce the adder.
You kill the adder!
You feel sick.
You tentacle-slap the hobgoblin but do no damage.
You grab the hobgoblin. You constrict the hobgoblin.
You feel sick. The hobgoblin closely misses you.
You tentacle-slap the hobgoblin.
Your tentacle spike misses the hobgoblin.
The hobgoblin is heavily wounded.
You constrict the hobgoblin.
You feel sick. The hobgoblin closely misses you.
You tentacle-slap the hobgoblin.
You pierce the hobgoblin, but do no damage.
You squeeze the hobgoblin.
You kill the hobgoblin!
Your tentacle spike disappears.
You feel sick.
You tentacle-slap the endoplasm but do no damage.
You feel sick. The endoplasm freezes you.
You are frozen.
* * * LOW HITPOINT WARNING * * *
You tentacle-slap the endoplasm.
You squeeze the endoplasm, but do no damage.
The endoplasm is lightly wounded.
You feel sick. The endoplasm freezes you.
You are frozen.
* * * LOW HITPOINT WARNING * * *
Okay, then.
It was a potion of mutation.
You feel extremely strange.
You lose the ability to read scrolls when threatened.
You die...

.... #.#
#...#####.#
#........#
#.....†###
###....###
#.#....##
#..####..#### #..
##....##### ####
...
#.##..@J.###....#
..#
#.######........#
.........†.......
##########........
##.#....# .# ...#
.# ..# .# .# .# #


You could see an endoplasm.

Vanquished Creatures
  3 adders
  A worm (D:2)
  A dart slug (D:1)
  6 endoplasms
  2 giant cockroaches
  A goblin (D:3)
  4 hobgoblins
  3 kobolds
  5 quokkas
  4 ball pythons
  3 bats
  2 rats
35 creatures vanquished.

Notes
Turn   | Place    | Note
-------+----------+-------------------------------------------
     0 | D:1      | MiltankisOP the Octopode Transmuter began the quest for the
                  | Orb.
     0 | D:1      | Reached XP level 1. HP: 13/13 MP: 3/3
   163 | D:1      | Found a faded altar of an unknown god.
   204 | D:1      | Reached XP level 2. HP: 11/18 MP: 3/5
   772 | D:2      | Found Pureepp's Assorted Antiques.
   785 | D:2      | Reached XP level 3. HP: 24/24 MP: 4/6
  2002 | D:3      | Reached XP level 4. HP: 30/30 MP: 5/7
  2069 | D:3      | HP: 1/30 [frozen (4)]
  2070 | D:3      | Gained mutation: You sometimes lose the ability to read
                  | scrolls when taking damage. [potion of mutation]
  2070 | D:3      | Succumbed to an adder's poison

Illustrated notes

Levels and vault maps discovered:
D:1:      tarquinn_simple_flora_water_f, layout_rooms, basic_ecumenical_altar,
          amcnicky_mini_rare_corridor_liquid
D:2:      layout_basic, serial_shops, nicolae_shop_stone,
          chequers_serial_rivers_micro_a, kennysheep_minor_cross,
          lemuel_another_geyser
D:3:      layout_rooms, lemuel_tele_altar, gammafunk_ghost_arena,
          cheibrodos_sewer_entry_bend, supply_closet_lemuel, uniq_grinder

Skill      XL: |  1  2  3 |
---------------+----------+-----
Fighting       | 2 |  2.8
Dodging        | 3 |  3.3
Unarmed Combat | |  3.0
Spellcasting   | |  2.0
Transmutations | |  2.0

Action                   |  1- 3 |  4- 6 || total
-------------------------+-------+-------++-------
Melee: Unarmed           |    65 |    13 ||    78
       Constrict         |    14 |     3 ||    17
       Kick              |    20 |     3 ||    23
       Tentacles         |    11 |     3 ||    14
       Punch             |     1 |       ||     1
 Cast: Beastly Appendage |    20 |     2 ||    22
  Use: Potion            |       |     1 ||     1
 Stab: Sleeping          |     2 |       ||     2
Armor: Skin              |     2 |       ||     2
Dodge: Dodged            |    23 |    10 ||    33
